 Dungeon Crawl Stone Soup version 0.30-a0-953-g5f1da4a474 (webtiles) character file.

Game seed: 15941463177438140099

225 NotreDorf the Cudgeller (level 5, 0/47 HPs)
             Began as a Minotaur Berserker on Mar 28, 2023.
             Was a Believer of Trog.
             Slain by Grinder (6 damage)
             ... on level 3 of the Dungeon.
             The game lasted 00:03:51 (1749 turns).

NotreDorf the Cudgeller (Minotaur Berserker)        Turns: 1749, Time: 00:03:52

Health: 0/47       AC:  2    Str: 24    XL:     5   Next: 68%
Magic:  4/4        EV: 12    Int:  4    God:    Trog [**....]
Gold:   108        SH:  0    Dex:  9    Spells: 4/4 levels left

rFire   . . .      SeeInvis +    c - +0 war axe
rCold   . . .      Faith    .    (no shield)
rNeg    . . .      Spirit   .    b - +0 animal skin
rPois   .          Reflect  .    (helmet restricted)
rElec   .          Rampage  .    (no cloak)
rCorr   +                        (no gloves)
Will    .....                    (no boots)
Stlth   +                        (no amulet)
HPRegen 0.27/turn                g - ring of see invisible
MPRegen 0.09/turn                l - ring of resist corrosion

@: no status effects
A: horns 2, retaliatory headbutt
a: Renounce Religion, Berserk, Trog's Hand


You were on level 3 of the Dungeon.
You worshipped Trog.
Trog was pleased with you.
You visited 1 branch of the dungeon, and saw 3 of its levels.

You collected 108 gold pieces.

Inventory:

Hand Weapons
 a - a +0 mace
 c - a +0 war axe (weapon)
Missiles
 n - a throwing net (quivered)
Armour
 b - a +0 animal skin (worn)
Jewellery
 g - a ring of see invisible (left hand)
 l - a ring of resist corrosion (right hand)
Scrolls
 d - a scroll of immolation {unknown}
 h - a scroll of torment {unknown}
 i - 2 scrolls of identify {unknown}
 m - a scroll of enchant weapon {unknown}
 o - a scroll of enchant armour {unknown}
Potions
 e - a potion of haste {unknown}
 f - a potion of curing {unknown}
 j - a potion of mutation {unknown}
 k - a potion of heal wounds {unknown}
 p - a potion of ambrosia {unknown}
 q - a potion of lignification {unknown}


   Skills:
 + Level 4.9 Fighting
 + Level 5.0 Maces & Flails
 + Level 4.1 Armour
 - Level 2.1 Dodging
 + Level 2.8 Unarmed Combat


You had 4 spell levels left.
You didn't know any spells.
Your spell library was empty.

Dungeon Overview and Level Annotations

Branches:
Dungeon (3/15)

Altars:

Shops:
D:2 (

Annotations:
D:3 Grinder


Innate Abilities, Weirdness & Mutations

You have a pair of horns on your head.
You reflexively headbutt those who attack you in melee.


Message History

You start resting.
Grinder is nearby!
An adder comes into view.
The adder hisses angrily.
Grinder hits you!
You writhe in agony.
The adder bites you.
You are poisoned.
The adder poisons you!
You barely miss Grinder. You completely miss the adder.
You feel very sick. Grinder barely misses you. You furiously retaliate!
You headbutt Grinder. The adder barely misses you. Grinder closely misses you.
You furiously retaliate!
You headbutt Grinder! You slash Grinder! Your headbutt misses Grinder.
Grinder is heavily wounded.
You barely miss the adder.
You feel sick. The adder barely misses you.
Grinder hits you but does no damage. The adder closely misses you.
You hit Grinder. You headbutt Grinder.
Grinder is severely wounded.
You hit the adder but do no damage.
You feel sick. The adder barely misses you. Grinder hits you.
The adder bites you.
You barely miss Grinder. Your headbutt misses Grinder.
Grinder is severely wounded.
You closely miss the adder.
You feel sick. Grinder says, "Are you a fish?" Grinder closely misses you.
You furiously retaliate!
You headbutt Grinder! The adder misses you. Grinder hits you.
* * * LOW HITPOINT WARNING * * *
You writhe in agony.
* * * LOW HITPOINT WARNING * * *
You hit Grinder but do no damage.
Grinder is almost dead.
You closely miss the adder.
You feel sick.
You are no longer poisoned.
The adder bites you.
* * * LOW HITPOINT WARNING * * *
The adder barely misses you. You furiously retaliate!
You headbutt the adder. Grinder hits you.
* * * LOW HITPOINT WARNING * * *
You writhe in agony.
You die...

##.####...#
#..# #...
##.## .#
#..# ..
##.## .#
#...### ..#
#.#...####.#
#.###...#S.#
#. ###.@5#
.. ###.# .#
## ..


You could see Grinder and an adder.

Vanquished Creatures
  Sigmund (D:2)
  2 adders (D:2)
  A worm (D:2)
  A dart slug (D:1)
  2 bats
  3 endoplasms
  4 giant cockroaches
  7 goblins
  4 hobgoblins (D:1)
  4 jackals
  4 quokkas
  4 ball pythons
  2 frilled lizards (D:1)
  2 kobolds
  5 rats
46 creatures vanquished.

Notes
Turn   | Place    | Note
-------+----------+-------------------------------------------
     0 | D:1      | NotreDorf the Minotaur Berserker began the quest for the
                  | Orb.
     0 | D:1      | Reached XP level 1. HP: 19/19 MP: 0/0
    94 | D:1      | Reached XP level 2. HP: 27/27 MP: 1/1
   202 | D:1      | Reached skill level 1 in Unarmed Combat
   255 | D:1      | Reached skill level 4 in Maces & Flails
   453 | D:1      | Reached XP level 3. HP: 33/33 MP: 2/2
   767 | D:2      | Reached ** piety under Trog
   917 | D:2      | Found Dessua's Weapon Shop.
  1069 | D:2      | Reached XP level 4. HP: 40/40 MP: 3/3
  1094 | D:2      | Noticed Sigmund
  1105 | D:2      | Killed Sigmund
  1106 | D:2      | Reached skill level 5 in Maces & Flails
  1106 | D:2      | Reached XP level 5. HP: 15/47 MP: 4/4
  1740 | D:3      | Noticed Grinder
  1749 | D:3      | Slain by Grinder

Illustrated notes

Levels and vault maps discovered:
D:1:      tarquinn_simple_flora_water_f, layout_basic,
          chequers_serial_rivers_micro_b
D:2:      layout_basic, serial_shops, nicolae_shop_waterfront,
          nrook_loot_triangle, uniq_sigmund
D:3:      minmay_skewed_foursquare, layout_basic, jmf_multi_god_temple,
          uniq_natasha, uniq_terence, uniq_grinder, uniq_jessica

Skill      XL: |  1  2  3  4 |
---------------+-------------+-----
Unarmed Combat | 1 2 |  2.8
Maces & Flails | 4 5 |  5.0
Fighting       | 4 |  4.9
Armour         | 3 4 |  4.1
Dodging        | |  2.1

Action                     |  1- 3 |  4- 6 || total
---------------------------+-------+-------++-------
  Melee: Mace              |    21 |       ||    21
         War axe           |    50 |    23 ||    73
         Headbutt          |     9 |     4 ||    13
 Armour: Animal skin       |    12 |     5 ||    17
  Dodge: Dodged            |    54 |    20 ||    74

Table legend: (Time is in decaauts)
 A = Elapsed time spent in this place.
 B = Non-inter-level travel time spent in this place.
 C = Inter-level travel time spent in this place.
 D = Time resting spent in this place.
 E = Time spent auto-exploring this place.
 F = Levels seen in this place.
 G = Mean time per level.
                   A        B        C        D        E       F      G
               +--------+--------+--------+--------+--------+-----+--------+
         Total |   1779 |   1753 |     26 |      3 |   1460 |   3 |  593.0 |
       Dungeon |   1779 |   1753 |     26 |      3 |   1460 |   3 |  593.0 |
               +--------+--------+--------+--------+--------+-----+--------+

Top non-repeatable levels by time:
     D:2: 1062 daAuts
     D:1: 651 daAuts
     D:3: 65 daAuts
